 Dungeon Crawl Stone Soup version 0.26-a0-1060-g086102a3f0 (webtiles) character file.

Game seed: 9710518999318493354

217 stormannn the Magician (level 5, 0/28 HPs)
             Began as a Deep Elf Hedge Wizard on Dec 13, 2020.
             Succumbed to an adder's poison
             ... on level 4 of the Dungeon.
             The game lasted 00:11:07 (4214 turns).

stormannn the Magician (Deep Elf Hedge Wizard)      Turns: 4214, Time: 00:11:08

Health: 0/28       AC:  7    Str:  7    XL:     5   Next: 61%
Magic:  2/15       EV: 14    Int: 20    God:
Gold:   198        SH:  0    Dex: 14    Spells: 10/15 levels left

rFire    . . .     SeeInvis .   l - +2 dagger (venom)
rCold    . . .     Faith    .   (no shield)
rNeg     . . .     Spirit   .   b - +1 robe
rPois    .         Reflect  .   c - +0 hat
rElec    .         Harm     .   (no cloak)
rCorr    .         Rampage  .   r - +0 pair of gloves
Will     .....                  o - +2 pair of boots
Stlth    ++........             (no amulet)
HPRegen  0.09/turn              (no ring)
MPRegen  0.14/turn              (no ring)

@: lethally poisoned (0 -> -5)
A: no striking features
a: no special abilities


You were on level 4 of the Dungeon.
You visited 1 branch of the dungeon, and saw 5 of its levels.

You collected 198 gold pieces.

Inventory:

Hand Weapons
 l - a +2 dagger of venom (weapon)
Armour
 b - a +1 robe (worn)
 c - a +0 hat (worn)
 o - a +2 pair of boots (worn)
 r - a +0 pair of gloves (worn)
Scrolls
 d - a scroll of remove curse
 e - a scroll of magic mapping
 f - a scroll of identify


   Skills:
 + Level 3.7 Dodging
 - Level 2.4 Stealth
 + Level 5.5 Spellcasting
 + Level 2.7 Conjurations
 + Level 2.8 Summonings
 + Level 2.9 Translocations


You had 10 spell levels left.
You knew the following spells:

 Your Spells              Type           Power        Failure   Level
a - Magic Dart            Conj           ###.         3%          1
b - Call Imp              Summ           ###.....     5%          2
c - Blink                 Tloc           N/A          4%          2

Your spell library contained the following spells:

 Spells                   Type           Power        Failure   Level
 Slow                     Hex            #.......     17%         2
 Conjure Flame            Conj/Fire      ##......     19%         3
 Mephitic Cloud           Conj/Pois/Air  #.......     22%         3


Dungeon Overview and Level Annotations

Branches:
Dungeon (5/15)
 Temple: D:4-7

Altars:
Elyvilon
Qazlal
Trog
Zin

Annotations:
D:3 exclusion: downstairs


Message History

* * * LOW HITPOINT WARNING * * *
Your crimson imp misses the adder.
Unknown command.
Unknown command.
Casting: Call Imp (safe; 5% risk of failure)
Confirm with . or Enter, or press ? or * to list all spells.
Aiming: Magic Dart (safe; 3% risk of failure)
Press: ? - help, Shift-Dir - straight line, f/p - centaur skeleton
Aim: a centaur skeleton (almost destroyed, 0% to evade)
The magic dart hits the centaur skeleton.
You destroy the centaur skeleton!
The adder barely misses you.
Your crimson imp hits the adder.
Casting: Magic Dart (safe; 3% risk of failure)
Confirm with . or Enter, or press ? or * to list all spells.
Aiming: Magic Dart (safe; 3% risk of failure)
Press: ? - help, Shift-Dir - straight line, f - adder
Aim: an adder (heavily wounded, poisoned, 0% to evade)
The magic dart hits the adder.
The adder is heavily wounded.
You die...

#.##.....#..###.#......
##......[....##..###...#
.....###..##.#...###...#
##..##..####..........#
###...## #...##......
##.## #..........# #.##
#..........#
##..#####....#......
#.†@S5.......#.....
#..####........ .. ....#
.#.....# #.... # #.##.
.. #


You could see an adder (poisoned) and a friendly crimson imp (summoned).

Vanquished Creatures
  An orc priest (D:3)
  A centaur skeleton (D:4)
  A worker ant (D:4)
  An adder (D:2)
  2 worms (D:3)
  2 leopard geckos (D:1)
  6 orcs
  6 giant cockroaches
  8 goblins
  8 hobgoblins
  5 jackals
  7 bats
  7 frilled lizards
  4 kobolds
  9 rats
68 creatures vanquished.

Vanquished Creatures (collateral kills)
  2 orc wizards (D:3)
  3 orcs (D:3)
  2 jackals (D:2)
  3 frilled lizards (D:2)
  A kobold (D:2)
  A rat (D:2)
12 creatures vanquished.

Grand Total: 80 creatures vanquished

Notes
Turn   | Place    | Note
-------+----------+-------------------------------------------
     0 | D:1      | stormannn the Deep Elf Hedge Wizard began the quest for the
                  | Orb.
     0 | D:1      | Reached XP level 1. HP: 10/10 MP: 7/7
   248 | D:1      | Reached XP level 2. HP: 15/15 MP: 3/9
   853 | D:1      | Learned a level 2 spell: Call Imp
   856 | D:1      | Learned a level 2 spell: Blink
   948 | D:2      | Reached XP level 3. HP: 13/19 MP: 1/11
  1912 | D:2      | Found a bloodstained altar of Trog.
  2195 | D:3      | Reached skill level 5 in Spellcasting
  2295 | D:3      | Reached XP level 4. HP: 24/24 MP: 3/13
  3092 | D:3      | Found a stormy altar of Qazlal.
  3121 | D:3      | Reached XP level 5. HP: 11/28 MP: 1/14
  3416 | D:3      | Found a glowing silver altar of Zin.
  3417 | D:3      | Found a white marble altar of Elyvilon.
  3898 | D:4      | HP: 1/28 [poisoned by a worker ant]
  3907 | D:5      | Entered Level 5 of the Dungeon
  4212 | D:4      | HP: 1/28 [adder (4)]
  4214 | D:4      | Succumbed to an adder's poison

Illustrated notes

Levels and vault maps discovered:
D:1:      saegor_arrival_simple_b, layout_rooms
D:2:      layout_basic, bloody_trog
D:3:      layout_basic, grunt_temple_overflow_open
D:4:      layout_layer_cave
D:5:      layout_loops_corners, gammafunk_ghost_gnarly_gnolls, uniq_eustachio

Skill      XL: |  1  2  3 |
---------------+----------+-----
Dodging        | 3 |  3.7
Conjurations   | 2 |  2.7
Translocations | 2 |  2.9
Summonings     | 2 |  2.8
Spellcasting   | 5 |  5.5
Stealth        | |  2.4

Action                   |  1- 3 |  4- 6 || total
-------------------------+-------+-------++-------
Melee: Dagger            |    17 |    10 ||    27
 Cast: Magic Dart        |    99 |    85 ||   184
       Call Imp          |     7 |     8 ||    15
  Use: Potion            |       |     5 ||     5
       Scroll            |       |     8 ||     8
Armor: Robe              |     7 |    11 ||    18
Dodge: Dodged            |    23 |    35 ||    58

Table legend: (Time is in decaauts)
 A = Elapsed time spent in this place.
 B = Non-inter-level travel time spent in this place.
 C = Inter-level travel time spent in this place.
 D = Time resting spent in this place.
 E = Time spent auto-exploring this place.
 F = Levels seen in this place.
 G = Mean time per level.
                   A        B        C        D        E       F      G
               +--------+--------+--------+--------+--------+-----+--------+
         Total |   4200 |   4077 |    123 |   1925 |   1582 |   5 |  840.0 |
       Dungeon |   4200 |   4077 |    123 |   1925 |   1582 |   5 |  840.0 |
               +--------+--------+--------+--------+--------+-----+--------+

Top non-repeatable levels by time:
     D:3: 1606 daAuts
     D:2: 1239 daAuts
     D:1: 857 daAuts
     D:5: 293 daAuts
     D:4: 203 daAuts
